 Dungeon Crawl Stone Soup version 0.31-a0-744-gbc345e7fcb (webtiles) character file.

Game seed: 15037416245147421752

189 Babbit the Digger (level 5, -9/39 HPs)
             Began as a Ghoul Earth Elementalist on Sept 13, 2023.
             Mangled by an ogre
             ... wielding a +0 giant spiked club
              (21 damage)
             ... on level 3 of the Dungeon.
             The game lasted 00:23:59 (3160 turns).

Babbit the Digger (Ghoul Earth Elementalist)        Turns: 3160, Time: 00:24:00

Health: -9/39      AC:  7    Str: 18    XL:     5   Next: 68%
Magic:  6/8        EV: 12    Int: 12    God:
Gold:   137        SH:  0    Dex:  9    Spells: 9/10 levels left

rFire   . . .        (no weapon)
rCold   + . .        (no shield)
rNeg    + + +        a - +0 robe
rPois   ∞            (no helmet)
rElec   .            (no cloak)
rCorr   .            f - +0 pair of gloves
SInv    .            (no boots)
Will    .....        (no amulet)
Stlth   ++           d - +4 ring of protection
HPRegen 0.00/turn    m - +6 ring of strength
MPRegen 0.11/turn

%: no passive effects
@: inhibited regen
A: claws 1, cold resistance 1, negative energy resistance 3, inhibited
regeneration, torment resistance 2, devour on kill
a: no special abilities


You were on level 3 of the Dungeon.
You visited 1 branch of the dungeon, and saw 4 of its levels.

You collected 192 gold pieces.
You spent 55 gold pieces at shops.

Inventory:

Armour
 a - a +0 robe (worn)
 f - a +0 pair of gloves (worn)
Jewellery
 b - a ring of protection from cold
 d - a +4 ring of protection (left hand)
 m - a +6 ring of strength (right hand)
Scrolls
 e - 2 scrolls of fear {unknown}
 g - a scroll of immolation {unknown}
 h - 3 scrolls of vulnerability {unknown}
 i - 2 scrolls of amnesia {unknown}
 j - a scroll of noise {unknown}
 n - a scroll of teleportation
 o - a scroll of fog {unknown}
 q - a scroll of blinking {unknown}
Potions
 c - a potion of brilliance
 k - a potion of haste
 l - 2 potions of mutation {unknown}


   Skills:
 + Level 0.3 Fighting
 + Level 2.1 Dodging
 + Level 2.7 Stealth
 + Level 0.5 Unarmed Combat
 + Level 3.1 Spellcasting
 + Level 0.8 Transmutations
 + Level 5.2 Earth Magic


You had 9 spell levels left.
You knew the following spells:

 Your Spells              Type           Power      Damage    Failure   Level
a - Sandblast             Erth           28%        2d8       2%          1

Your spell library contained the following spells:

 Spells                   Type           Power      Damage    Failure   Level
 Passwall                 Tmut/Erth      7%         N/A       11%         2
 Stone Arrow              Conj/Erth      16%        3d8       26%         3
 Petrify                  Tmut/Erth      9%         N/A       56%         4
 Tukima's Dance           Hex            1%         N/A       58%         3
 Dimensional Bullseye     Hex/Tloc       0%         N/A       94%         4
 Iskenderun's Mystic Bla  Conj/Tloc      1%         2d3       94%         4


Dungeon Overview and Level Annotations

Branches:
Dungeon (4/15)
 Temple: D:4-7

Altars:
Gozag

Shops:
D:3 (?


Innate Abilities, Weirdness & Mutations

You are immune to poison.
You have sharp fingernails.
Your flesh is cold resistant. (rC+)
You are immune to negative energy. (rN+++)
You do not regenerate when monsters are visible.
You are immune to unholy pain and torment.
You thrive by killing the living.


Message History

Aiming: Sandblast (safe; 2% risk of failure)
Press: ? - help, Q - select action Shift-Dir - straight line, f - endoplasm
Aim: an endoplasm (98% to hit)
The blast of sand hits the endoplasm!
You kill the endoplasm!
Magic restored.
Done exploring.
There is a shaft here.
There is a stone staircase leading down here.
You climb downwards.
Found 3 large rocks and a longbow.
There is a stone staircase leading up here.
There is a stone staircase leading up here.
Found a leather armour.
You see here 3 large rocks.
Found an opulent altar of Gozag.
Found 25 gold pieces.
An orc, an ogre and a quokka come into view.
The orc is wielding a +0 club and wearing a +1 ring mail of positive energy.
Found 32 gold pieces.
Found an opulent altar of Gozag.
The ogre shouts!
You see here 3 large rocks.
There is a stone staircase leading up here.
Aiming: Sandblast (safe; 2% risk of failure)
Press: ? - help, Q - select action Shift-Dir - straight line, f - ogre
Aim: an ogre, wielding a +0 giant spiked club (91% to hit)
The blast of sand hits the ogre!
The ogre is moderately wounded.
The ogre hits you with a +0 giant spiked club!!
Ouch! That really hurt!
You climb upwards.
There is a stone staircase leading down here.
Aiming: Sandblast (safe; 2% risk of failure)
Press: ? - help, Q - select action Shift-Dir - straight line, f - ogre
Aim: an ogre, wielding a +0 giant spiked club (moderately wounded, 91% to hit)
The blast of sand hits the ogre!
The ogre is heavily wounded.
The ogre hits you with a +0 giant spiked club!!
Ouch! That really hurt!
You die...

#.##.......#
#.#####.#####.##(#
#.########.#
#.#.....<........# #.# #.#
#...............## #.#
####.###........###....#
#.# #........#.###..#
###..# #.# #.##.##..#.#
#..# #..# ###.#
###.##.##..#.# #.)#####..#
....# #......##..#.#
#.........# #####
#.#.#####.@#.# #.######[##
#.#.#####.O#.# #.# #.#
#.#........#.###.######.##
#.########.#..........)..#
##### #^#
#.#############.# #...#
#.# #.### #.# #...###.#
#...# #.# ........# ###.#
#.## ......### #.### #...


You could see an ogre.

Vanquished Creatures
  A kobold brigand (D:3)
  An orc priest (D:2)
  2 adders (D:3)
  A worm (D:3)
  A dart slug (D:1)
  3 orcs
  4 ball pythons
  5 endoplasms
  2 giant cockroaches
  7 goblins
  7 hobgoblins
  6 quokkas
  3 bats
  3 frilled lizards
  9 kobolds
  A rat (D:2)
56 creatures vanquished.

Notes
Turn   | Place    | Note
-------+----------+-------------------------------------------
     0 | D:1      | Babbit the Ghoul Earth Elementalist began the quest for the
                  | Orb.
     0 | D:1      | Reached XP level 1. HP: 14/14 MP: 2/2
   125 | D:1      | Reached XP level 2. HP: 17/20 MP: 0/3
   941 | D:2      | Reached XP level 3. HP: 26/26 MP: 1/5
   941 | D:2      | Upgraded the game from 0.31-a0-743-g45f7035092 to
                  | 0.31-a0-744-gbc345e7fcb
   991 | D:2      | Reached skill level 4 in Earth Magic
  1797 | D:3      | Found Ixteiwky's Antique Weapon Emporium.
  1887 | D:3      | Reached XP level 4. HP: 33/33 MP: 2/6
  2236 | D:3      | Found Valahysh's Magic Scroll Emporium.
  2252 | D:3      | Bought a scroll of identify for 22 gold pieces
  2252 | D:3      | Bought a scroll of teleportation for 33 gold pieces
  2423 | D:3      | Noticed a kobold brigand
  2675 | D:2      | Reached skill level 5 in Earth Magic
  2801 | D:3      | Reached XP level 5. HP: 34/38 MP: 3/7
  2925 | D:3      | Killed a kobold brigand
  3149 | D:4      | Found an opulent altar of Gozag.
  3151 | D:4      | Found an opulent altar of Gozag.
  3151 | D:4      | Noticed an ogre
  3160 | D:3      | Mangled by an ogre

Illustrated notes

Levels and vault maps discovered:
D:1:      dpeg_arrival_boxes_within_box, layout_rooms
D:2:      layout_basic
D:3:      layout_loops_ring, serial_shops, nicolae_shop_pleasant_corner_grove,
          shop
D:4:      layout_loops_ring, nicolae_gozag_conspicuous_consumption,
          mainiacjoe_overflow_24_doors, serial_shops, shop

Skill      XL: |  1  2  3  4  5 |
---------------+----------------+-----
Spellcasting   | 2 3 |  3.1
Earth Magic    | 4 5 |  5.2
Dodging        | 2 |  2.1
Fighting       | |  0.3
Stealth        | |  2.7
Unarmed Combat | |  0.5
Transmutations | |  0.8

Action                     |  1- 3 |  4- 6 || total
---------------------------+-------+-------++-------
  Melee: Unarmed           |    18 |    43 ||    61
         Punch             |       |     1 ||     1
   Cast: Sandblast         |    52 |    56 ||   108
    Use: Scroll            |       |     3 ||     3
         Potion            |       |     1 ||     1
 Armour: Robe              |    10 |    57 ||    67
  Dodge: Dodged            |    12 |    40 ||    52

Table legend: (Time is in decaauts)
 A = Elapsed time spent in this place.
 B = Non-inter-level travel time spent in this place.
 C = Inter-level travel time spent in this place.
 D = Time resting spent in this place.
 E = Time spent auto-exploring this place.
 F = Levels seen in this place.
 G = Mean time per level.
                   A        B        C        D        E       F      G
               +--------+--------+--------+--------+--------+-----+--------+
         Total |   3214 |   3135 |     79 |    767 |   1801 |   4 |  803.5 |
       Dungeon |   3214 |   3135 |     79 |    767 |   1801 |   4 |  803.5 |
               +--------+--------+--------+--------+--------+-----+--------+

Top non-repeatable levels by time:
     D:2: 1278 daAuts
     D:3: 1151 daAuts
     D:1: 769 daAuts
     D:4: 16 daAuts
